3L
ECHO PARK LAKERS @ BROOKLYN DODGERS
08/02/2042
 
TOP OF THE 1ST
Echo Park Lakers batting - Pitching for Brooklyn Dodgers : RHP Emerson Horton
Pitching: RHP Emerson Horton
Batting: RHB Joe Mueller 0-0: Fly out, F7 (Flyball, 78D, EV 75.6 MPH)
Batting: LHB Joe Schreibvogel 0-0: Ball
1-0: Ball
2-0: Called Strike
2-1: SINGLE (Groundball, 4D, EV 105.0 MPH)
Batting: LHB Philip Todd 0-0: Ball
1-0: Called Strike
Balk!
Joe Schreibvogel to second
1-1: Ball
2-1: Swinging Strike
2-2: Foul Ball, location: 2F
2-2: Ball
3-2: Foul Ball, location: 2F
3-2: Ground out 4-3 (Groundball, 4M, EV 81.2 MPH)
Joe Schreibvogel to third
Batting: LHB Jonathan Winston 0-0: Called Strike
0-1: Ball
1-1: DOUBLE (Flyball, 78D, EV 86.2 MPH)
Joe Schreibvogel scores
Batting: LHB Ramón Torres 0-0: Ball
1-0: SINGLE (Groundball, 4MD, EV 111.2 MPH)
Jonathan Winston to third
Runner from 3rd tries for Home, throw by CF and OUT! 8-2
Top of the 1st over - 1 run, 3 hits, 0 errors, 1 left on base; Echo Park 1 - Brooklyn 0
BOTTOM OF THE 1ST
Brooklyn Dodgers batting - Pitching for Echo Park Lakers : RHP Jordan Calhoun
Pitching: RHP Jordan Calhoun
Batting: SHB Fa-hsien Tze 0-0: Ball
1-0: Ball
2-0: DOUBLE (Flyball, 89D, EV 107.5 MPH)
Batting: RHB Carlos Muńóz 0-0: Ball
1-0: Called Strike
1-1: Fly out, F6 (Line Drive, 6, EV 71.2 MPH)
Batting: LHB Tony Wonder 0-0: Foul Ball, location: 2F
0-1: Ball
1-1: Called Strike
1-2: Ball
2-2: Fly out, F7 (Flyball, 78D, EV 77.5 MPH)
Runner from 2nd tags up, SAFE at 3rd with throw by LF
Batting: LHB Richello Mabait 0-0: Ball
1-0: Ball
2-0: Foul Ball, location: 2F
2-1: Swinging Strike
2-2: Ball
3-2: Strikes out swinging
Bottom of the 1st over - 0 runs, 1 hit, 0 errors, 1 left on base; Echo Park 1 - Brooklyn 0
TOP OF THE 2ND
Echo Park Lakers batting - Pitching for Brooklyn Dodgers : RHP Emerson Horton
Batting: RHB Maema Njongmeta 0-0: Ball
1-0: Foul Ball, location: 2F
1-1: Swinging Strike
1-2: Foul Ball, location: 2F
1-2: SINGLE (Groundball, 6MD, EV 94.4 MPH)
Batting: LHB Ben Bullock 0-0: Swinging Strike
0-1: Foul Ball, location: 2F
0-2: Ball
1-2: Ball
2-2: Foul Ball, location: 2F
2-2: SINGLE (Groundball, 34D, EV 108.1 MPH)
Maema Njongmeta to second
Runner from 2nd tries for 3rd, SAFE, no throw by RF
Batting: RHB Tony Calhoun 0-0: Ball
1-0: DOUBLE (Line Drive, 7LM, EV 106.2 MPH)
Maema Njongmeta scores
Ben Bullock to third
Batting: LHB Hai-feng Tang 0-0: Ground out 1-3 (Groundball, 13S, EV 68.8 MPH)
Batting: RHB Joe Mueller 0-0: Ball
1-0: Fly out, F8 (Flyball, 8RS, EV 95.6 MPH)
Runner from 3rd tags up, SCORES, no throw by CF
Batting: LHB Joe Schreibvogel 0-0: Foul Ball, location: 2F
0-1: Ball
1-1: Ball
2-1: Ball
3-1: Foul Ball, location: 2F
3-2: Foul Ball, location: 2F
3-2: SINGLE (Groundball, 34S, EV 65.6 MPH) (infield hit)
Tony Calhoun to third
Batting: LHB Philip Todd 0-0: Ball
1-0: Ball
2-0: DOUBLE (Line Drive, 89XD, EV 106.9 MPH)
Tony Calhoun scores
Joe Schreibvogel to third
Runner from 3rd tries for Home, SAFE, no throw by RF
Batting: LHB Jonathan Winston 0-0: Called Strike
0-1: Ball
1-1: Ball
2-1: Foul Ball, location: 2F
2-2: Ball
3-2: Ground out 4-3 (Groundball, 4, EV 77.5 MPH)
Top of the 2nd over - 4 runs, 5 hits, 0 errors, 1 left on base; Echo Park 5 - Brooklyn 0
BOTTOM OF THE 2ND
Brooklyn Dodgers batting - Pitching for Echo Park Lakers : RHP Jordan Calhoun
Batting: RHB Bill Chaundler 0-0: Ball
1-0: Foul Ball, location: 2F
1-1: Ball
2-1: Fly out, F8 (Line Drive, 8LD, EV 95.0 MPH)
Batting: LHB Jung-joon Yi 0-0: Called Strike
0-1: Fly out, F9 (Flyball, 89D, EV 90.6 MPH)
Batting: LHB Tim Stinson 0-0: Called Strike
0-1: Ball
1-1: Ball
2-1: Swinging Strike
2-2: Strikes out looking
Bottom of the 2nd over - 0 runs, 0 hits, 0 errors, 0 left on base; Echo Park 5 - Brooklyn 0
TOP OF THE 3RD
Echo Park Lakers batting - Pitching for Brooklyn Dodgers : RHP Emerson Horton
Batting: LHB Ramón Torres 0-0: Fly out, F8 (Flyball, 8RS, EV 84.4 MPH)
Batting: RHB Maema Njongmeta 0-0: Ball
1-0: SINGLE (Groundball, 56D, EV 98.8 MPH)
Batting: LHB Ben Bullock 0-0: Called Strike
0-1: Ball
1-1: Fly out, F9 (Flyball, 9LSF, EV 90.0 MPH)
Batting: RHB Tony Calhoun 0-0: Fly out, F7 (Line Drive, 7, EV 103.1 MPH)
Top of the 3rd over - 0 runs, 1 hit, 0 errors, 1 left on base; Echo Park 5 - Brooklyn 0
BOTTOM OF THE 3RD
Brooklyn Dodgers batting - Pitching for Echo Park Lakers : RHP Jordan Calhoun
Batting: RHB Quindarious Monday 0-0: Ball
1-0: Called Strike
1-1: Ball
2-1: Foul Ball, location: 2F
2-2: Ball
3-2: Fly out, F9 (Flyball, 9S, EV 93.8 MPH)
Batting: RHB Alexis Hines 0-0: Called Strike
0-1: Called Strike
0-2: Ball
1-2: Ball
2-2: Foul Ball, location: 2F
2-2: Ball
3-2: Foul Ball, location: 2F
3-2: Foul Ball, location: 2F
3-2: Base on Balls
Batting: SHB Fa-hsien Tze 0-0: Called Strike
0-1: Ball
1-1: Foul Ball, location: 2F
1-2: Fly out, F7 (Line Drive, 7, EV 100.0 MPH)
Batting: RHB Carlos Muńóz 0-0: Foul Ball, location: 2F
0-1: Fly out, F9 (Flyball, 9LS, EV 95.0 MPH)
Bottom of the 3rd over - 0 runs, 0 hits, 0 errors, 1 left on base; Echo Park 5 - Brooklyn 0
TOP OF THE 4TH
Echo Park Lakers batting - Pitching for Brooklyn Dodgers : RHP Emerson Horton
Batting: LHB Hai-feng Tang 0-0: Called Strike
0-1: Ground out 6-3 (Groundball, 6, EV 81.2 MPH)
Batting: RHB Joe Mueller 0-0: Swinging Strike
0-1: Swinging Strike
0-2: Ball
1-2: Strikes out swinging
Batting: LHB Joe Schreibvogel 0-0: Ball
1-0: Ball
2-0: Ball
3-0: Called Strike
3-1: Base on Balls
Batting: LHB Philip Todd 0-0: Called Strike
0-1: Ball
1-1: SINGLE (Line Drive, 89S, EV 94.4 MPH)
Joe Schreibvogel to second
Runner from 2nd tries for 3rd, SAFE, throw by RF made to third
Batting: LHB Jonathan Winston 0-0: Ball
1-0: Fly out, F6 (Popup, P, EV 69.4 MPH)
Top of the 4th over - 0 runs, 1 hit, 0 errors, 2 left on base; Echo Park 5 - Brooklyn 0
BOTTOM OF THE 4TH
Brooklyn Dodgers batting - Pitching for Echo Park Lakers : RHP Jordan Calhoun
Batting: LHB Tony Wonder 0-0: Fly out, F9 (Flyball, 9S, EV 88.1 MPH)
Batting: LHB Richello Mabait 0-0: Ball
1-0: Fly out, F8 (Flyball, 8LS, EV 80.0 MPH)
Batting: RHB Bill Chaundler 0-0: Called Strike
0-1: Foul Ball, location: 2F
0-2: Foul Ball, location: 2F
0-2: Ball
1-2: Ball
2-2: Fly out, F3 (Popup, 3SF, EV 74.4 MPH)
Bottom of the 4th over - 0 runs, 0 hits, 0 errors, 0 left on base; Echo Park 5 - Brooklyn 0
TOP OF THE 5TH
Echo Park Lakers batting - Pitching for Brooklyn Dodgers : RHP Emerson Horton
Batting: LHB Ramón Torres 0-0: Called Strike
0-1: Swinging Strike
0-2: Foul Ball, location: 2F
0-2: SINGLE (Groundball, 4MD, EV 103.8 MPH)
Batting: RHB Maema Njongmeta 0-0: Ball
Ramón Torres steals 2nd base (no throw)
1-0: Called Strike
1-1: Ball
2-1: Called Strike
2-2: Ground out 4-3 (Groundball, 4, EV 89.4 MPH)
Ramón Torres to third
Batting: LHB Ben Bullock 0-0: Ground out 1-3 (Groundball, 13S, EV 71.2 MPH)
Batting: RHB Tony Calhoun 0-0: Ball
1-0: Called Strike
1-1: Called Strike
1-2: Fly out, F9 (Flyball, 89M, EV 87.5 MPH)
Top of the 5th over - 0 runs, 1 hit, 0 errors, 1 left on base; Echo Park 5 - Brooklyn 0
BOTTOM OF THE 5TH
Brooklyn Dodgers batting - Pitching for Echo Park Lakers : RHP Jordan Calhoun
Batting: LHB Jung-joon Yi 0-0: Fly out, F7 (Flyball, 7, EV 85.6 MPH)
Batting: LHB Tim Stinson 0-0: Ball
1-0: Foul Ball, location: 2F
1-1: Swinging Strike
1-2: Ground out 4-3 (Groundball, 4, EV 86.2 MPH)
Batting: RHB Quindarious Monday 0-0: Ball
1-0: Ground out 6-3 (Groundball, 6M, EV 101.9 MPH)
Bottom of the 5th over - 0 runs, 0 hits, 0 errors, 0 left on base; Echo Park 5 - Brooklyn 0
TOP OF THE 6TH
Echo Park Lakers batting - Pitching for Brooklyn Dodgers : RHP Emerson Horton
Batting: LHB Hai-feng Tang 0-0: Ball
1-0: Ball
2-0: Ball
3-0: Called Strike
3-1: Ground out 6-3 (Groundball, 6, EV 100.0 MPH)
Batting: RHB Joe Mueller 0-0: Called Strike
0-1: Ball
1-1: Foul Ball, location: 2F
1-2: Foul Ball, location: 2F
1-2: Foul Ball, location: 2F
1-2: Fly out, F7 (Line Drive, 7, EV 93.8 MPH)
Batting: LHB Joe Schreibvogel 0-0: Called Strike
0-1: Ball
1-1: Called Strike
1-2: Foul Ball, location: 2F
1-2: Foul Ball, location: 2F
1-2: Strikes out swinging
Top of the 6th over - 0 runs, 0 hits, 0 errors, 0 left on base; Echo Park 5 - Brooklyn 0
BOTTOM OF THE 6TH
Brooklyn Dodgers batting - Pitching for Echo Park Lakers : RHP Jordan Calhoun
Batting: RHB Alexis Hines 0-0: Ball
1-0: Ball
2-0: Ball
3-0: Called Strike
3-1: Ground out 2-3 (Groundball, 13S, EV 71.2 MPH)
Batting: SHB Fa-hsien Tze 0-0: Ball
1-0: Ball
2-0: Foul Ball, location: 2F
2-1: Ground out 1-3 (Groundball, 15S, EV 64.4 MPH)
Batting: RHB Carlos Muńóz 0-0: Called Strike
0-1: Hit by Pitch
Pitching: RHP Silverberry Mouhon
Batting: LHB Tony Wonder 0-0: Called Strike
0-1: SINGLE (Line Drive, 8LS, EV 87.5 MPH)
Carlos Muńóz to second
Runner from 2nd tries for 3rd, SAFE, no throw by CF
Batting: LHB Richello Mabait 0-0: Ball
1-0: Foul Ball, location: 2F
1-1: Fly out, F8 (Flyball, 8LD, EV 101.9 MPH)
Bottom of the 6th over - 0 runs, 1 hit, 0 errors, 2 left on base; Echo Park 5 - Brooklyn 0
TOP OF THE 7TH
Echo Park Lakers batting - Pitching for Brooklyn Dodgers : RHP Emerson Horton
Pitching: RHP Guillermo Guerrero
Batting: LHB Philip Todd 0-0: Ball
1-0: Ground out 6-3 (Groundball, 6M, EV 78.1 MPH)
Batting: LHB Jonathan Winston 0-0: Called Strike
0-1: Foul Ball, location: 2F
0-2: Foul Ball, location: 2F
0-2: Strikes out swinging
Batting: LHB Ramón Torres 0-0: Called Strike
0-1: Swinging Strike
0-2: Strikes out swinging
Top of the 7th over - 0 runs, 0 hits, 0 errors, 0 left on base; Echo Park 5 - Brooklyn 0
BOTTOM OF THE 7TH
Brooklyn Dodgers batting - Pitching for Echo Park Lakers : RHP Silverberry Mouhon
Batting: RHB Bill Chaundler 0-0: Ball
1-0: Foul Ball, location: 2F
1-1: Swinging Strike
1-2: Ball
2-2: Ball
3-2: Strikes out looking
Batting: LHB Jung-joon Yi 0-0: Foul Ball, location: 2F
0-1: Swinging Strike
0-2: Strikes out looking
Batting: LHB Tim Stinson 0-0: Ball
1-0: Ball
2-0: SOLO HOME RUN (Flyball, 9D, EV 98.1 MPH), Distance : 369 ft
Batting: RHB Quindarious Monday 0-0: Called Strike
0-1: Swinging Strike
0-2: Strikes out looking
Bottom of the 7th over - 1 run, 1 hit, 0 errors, 0 left on base; Echo Park 5 - Brooklyn 1
TOP OF THE 8TH
Echo Park Lakers batting - Pitching for Brooklyn Dodgers : RHP Guillermo Guerrero
Batting: RHB Maema Njongmeta 0-0: Ball
1-0: Swinging Strike
1-1: Foul Ball, location: 2F
1-2: Foul Ball, location: 2F
1-2: Strikes out swinging
Batting: LHB Ben Bullock 0-0: Ball
1-0: Called Strike
1-1: Called Strike
1-2: Ball
2-2: Strikes out looking
Batting: RHB Tony Calhoun 0-0: Ball
1-0: SINGLE (Line Drive, 78S, EV 105.6 MPH)
Batting: LHB Hai-feng Tang 0-0: Ball
1-0: Ball
2-0: Ball
3-0: Called Strike
3-1: Foul Ball, location: 2F
3-2: Strikes out swinging
Top of the 8th over - 0 runs, 1 hit, 0 errors, 1 left on base; Echo Park 5 - Brooklyn 1
BOTTOM OF THE 8TH
Brooklyn Dodgers batting - Pitching for Echo Park Lakers : RHP Silverberry Mouhon
Batting: RHB Alexis Hines 0-0: Called Strike
0-1: Ball
1-1: Called Strike
1-2: Foul Ball, location: 2F
1-2: Foul Ball, location: 2F
1-2: Ball
2-2: Ball
3-2: Foul Ball, location: 2F
3-2: Strikes out swinging
Batting: SHB Fa-hsien Tze 0-0: Ball
1-0: Ball
2-0: Called Strike
2-1: Called Strike
2-2: Strikes out swinging
Batting: RHB Carlos Muńóz 0-0: Called Strike
0-1: Swinging Strike
0-2: Ball
1-2: Foul Ball, location: 2F
1-2: Strikes out looking
Bottom of the 8th over - 0 runs, 0 hits, 0 errors, 0 left on base; Echo Park 5 - Brooklyn 1
TOP OF THE 9TH
Echo Park Lakers batting - Pitching for Brooklyn Dodgers : RHP Guillermo Guerrero
Batting: RHB Joe Mueller 0-0: Foul Ball, location: 2F
0-1: SOLO HOME RUN (Flyball, 9D, EV 95.6 MPH), Distance : 377 ft
Batting: LHB Joe Schreibvogel 0-0: Ball
1-0: Called Strike
1-1: Swinging Strike
1-2: Foul Ball, location: 2F
1-2: Foul Ball, location: 2F
1-2: Ball
2-2: Foul Ball, location: 2F
2-2: Foul Ball, location: 2F
2-2: Ball
3-2: Foul Ball, location: 2F
3-2: Foul Ball, location: 2F
3-2: Hit by Pitch
Batting: LHB Philip Todd 0-0: Ball
1-0: Ball
2-0: Ball
3-0: Base on Balls
Joe Schreibvogel to second
Pitching: RHP Harrison Tuff
Batting: LHB Jonathan Winston 0-0: Called Strike
0-1: Swinging Strike
0-2: Strikes out swinging
Batting: LHB Ramón Torres 0-0: Ball
1-0: Called Strike
1-1: Ball
2-1: SINGLE (Groundball, 4S, EV 94.4 MPH) (infield hit)
Joe Schreibvogel to third
Philip Todd to second
Batting: RHB Maema Njongmeta 0-0: Called Strike
0-1: Ball
1-1: Grounds into double play, 5-4-3 (Groundball, 56, EV 80.0 MPH)
Top of the 9th over - 1 run, 2 hits, 0 errors, 2 left on base; Echo Park 6 - Brooklyn 1
BOTTOM OF THE 9TH
Brooklyn Dodgers batting - Pitching for Echo Park Lakers : RHP Silverberry Mouhon
Pitching: RHP Craig Wash
Batting: LHB Tony Wonder 0-0: Ball
1-0: Swinging Strike
1-1: SINGLE (Groundball, 34D, EV 108.1 MPH)
Batting: LHB Richello Mabait 0-0: Fly out, F9 (Flyball, 9, EV 85.6 MPH)
Batting: RHB Bill Chaundler 0-0: Ball
1-0: Swinging Strike
1-1: Ball
2-1: Foul Ball, location: 2F
2-2: Foul Ball, location: 2F
2-2: Reached on error, E5 (Groundball, 56, EV 91.9 MPH)
Tony Wonder to second
Batting: LHB Jung-joon Yi 0-0: Ball
1-0: Ball
2-0: Called Strike
2-1: Foul Ball, location: 2F
2-2: Foul Ball, location: 2F
2-2: Ball
3-2: Foul Ball, location: 2F
3-2: Base on Balls
Tony Wonder to third
Bill Chaundler to second
Pitching: RHP Bungay Osiman
Batting: LHB Tim Stinson 0-0: Ball
1-0: Ball
2-0: Swinging Strike
2-1: Ball
3-1: Called Strike
3-2: Foul Ball, location: 2F
3-2: Fly out, F8 (Flyball, 8RD, EV 98.1 MPH)
Runner from 3rd tags up, SCORES, no throw by CF
Batting: RHB Quindarious Monday 0-0: Fly out, F7 (Flyball, 7S, EV 86.9 MPH)
Bottom of the 9th over - 1 run, 1 hit, 1 error, 2 left on base; Echo Park 6 - Brooklyn 2
Friday, March 26th, 2021 - OOTP Baseball 20.8 Build 74